 Dungeon Crawl Stone Soup version 0.30.0-29-ga12c61a403 (webtiles) character file.

Game seed: 2722568878365448785

126 Peloso the Shield-Bearer (level 4, 0/40 HPs)
             Began as a Minotaur Fighter on June 13, 2023.
             Slain by a black bear (6 damage)
             ... on level 4 of the Dungeon.
             The game lasted 00:05:08 (2676 turns).

Peloso the Shield-Bearer (Minotaur Fighter)         Turns: 2676, Time: 00:05:09

Health: 0/40       AC: 11    Str: 30 (31) XL:     4   Next: 83%
Magic:  3/3        EV:  9    Int:  2 (4)  God:
Gold:   123        SH:  8    Dex:  8 (10) Spells: 3/3 levels left

rFire   . . .        a - +0 long sword
rCold   . . .        d - +0 buckler
rNeg    . . .        c - +1 chain mail
rPois   .            (helmet restricted)
rElec   .            (no cloak)
rCorr   .            h - +0 pair of gloves
SInv    .            (no boots)
Will    +....        (no amulet) Stlth
                     q - ring of willpower
HPRegen 0.26/turn    g - +6 ring of strength
MPRegen 0.08/turn

%: no passive effects
@: no status effects
A: horns 2, retaliatory headbutt, claws 1, large bone plates 1, strong 1
a: no special abilities


You were on level 4 of the Dungeon.
You visited 1 branch of the dungeon, and saw 4 of its levels.

You collected 123 gold pieces.

Inventory:

Hand Weapons
 a - a +0 long sword (weapon)
Armour
 b - a +0 scale mail
 c - a +1 chain mail (worn)
 d - a +0 buckler (worn)
 h - a +0 pair of gloves (worn)
Jewellery
 g - a +6 ring of strength (right hand)
 q - a ring of willpower (left hand)
Scrolls
 f - 4 scrolls of enchant armour
 j - a scroll of vulnerability {unknown}
 k - a scroll of fog {unknown}
 l - 3 scrolls of teleportation
 m - a scroll of enchant weapon
 n - a scroll of torment {unknown}
 p - a scroll of identify
 r - a scroll of poison
Potions
 e - 2 potions of might
 i - 2 potions of heal wounds
 o - 2 potions of curing
 s - 2 potions of degeneration


   Skills:
 + Level 4.0 Fighting
 + Level 3.7 Long Blades
 + Level 4.6 Armour
 + Level 0.4 Dodging
 + Level 0.1 Stealth
 + Level 5.0 Shields


You had 3 spell levels left.
You didn't know any spells.
Your spell library was empty.

Dungeon Overview and Level Annotations

Branches:
Dungeon (4/15)
 Temple: D:4-7

Altars:


Innate Abilities, Weirdness & Mutations

You have a pair of horns on your head.
You reflexively headbutt those who attack you in melee.
You have sharp fingernails.
You are partially covered in large bone plates. (SH +4)
Your muscles are strong. (Str +4, Int/Dex -1)


Message History

The black bear claws you but does no damage.
You block the black bear's attack.
You barely miss the black bear.
The black bear is heavily wounded.
The black bear barely misses you. You block the black bear's attack.
The black bear closely misses you.
You hit the black bear.
The black bear is severely wounded.
The black bear closely misses you. You furiously retaliate!
You headbutt the black bear. The black bear claws you.
You block the black bear's attack.
You hit the black bear. Your headbutt misses the black bear.
The black bear is severely wounded.
The black bear goes berserk!
You closely miss the black bear.
The black bear is severely wounded.
You block the black bear's attack. x2
The black bear claws you but does no damage.
The black bear bites you. The black bear closely misses you.
The black bear claws you.
You closely miss the black bear. Your headbutt misses the black bear.
The black bear is severely wounded.
The black bear bites you but does no damage.
The black bear closely misses you. You block the black bear's attack.
The black bear bites you. You block the black bear's attack.
The black bear claws you.
You slash the black bear!
The black bear is almost dead.
The black bear barely misses you.
The black bear claws you but does no damage. x2
The black bear bites you. You block the black bear's attack.
The black bear claws you but does no damage.
You barely miss the black bear.
The black bear is almost dead.
The black bear bites you!
* * * LOW HITPOINT WARNING * * *
The black bear misses you. The black bear claws you.
* * * LOW HITPOINT WARNING * * *
The black bear bites you.
You die...

### ..# #.# #.#
#####.#######
#?#...<..!.....
#.......[......
#.###h####
#.....@..#
#####.##.#
...##.#
######.# #.#
#(# ### #.#
######.###.#
........##.#


You could see a black bear (berserk).

Vanquished Creatures
  6 adders
  A worm (D:2)
  A dart slug (D:2)
  5 endoplasms
  A giant cockroach (D:2)
  10 hobgoblins
  4 jackals (D:1)
  A quokka (D:3)
  8 ball pythons
  3 bats
  9 frilled lizards
  4 goblins
  7 kobolds
  3 rats
63 creatures vanquished.

Notes
Turn   | Place    | Note
-------+----------+-------------------------------------------
     0 | D:1      | Peloso the Minotaur Fighter began the quest for the Orb.
     0 | D:1      | Reached XP level 1. HP: 19/19 MP: 0/0
   178 | D:1      | Reached XP level 2. HP: 27/27 MP: 1/1
   194 | D:1      | Reached skill level 4 in Shields
   616 | D:1      | Reached XP level 3. HP: 33/33 MP: 2/2
  1053 | D:1      | Gained mutation: You have sharp fingernails. [potion of
                  | mutation]
  1053 | D:1      | Gained mutation: You are partially covered in large bone
                  | plates. (SH +4) [potion of mutation]
  1053 | D:1      | Gained mutation: Your muscles are strong. (Str +4, Int/Dex
                  | -1) [potion of mutation]
  1344 | D:2      | Reached XP level 4. HP: 27/40 MP: 3/3
  2307 | D:3      | Reached skill level 5 in Shields
  2657 | D:4      | Noticed a black bear
  2676 | D:4      | Slain by a black bear

Illustrated notes

Levels and vault maps discovered:
D:1:      dpeg_arrival_round_c, layout_basic
D:2:      layout_basic
D:3:      layout_rooms, nicolae_kite_square_tiling_tiny, dk_vineyard_1,
          kennysheep_generic_room_9
D:4:      layout_loops_ring, minmay_temple_entry_fiery,
          nicolae_ossuary_entry_plus, nicolae_underground_beach

Skill      XL: |  1  2  3  4 |
---------------+-------------+-----
Shields        | 4 5 |  5.0
Fighting       | 4 |  4.0
Long Blades    | 3 |  3.7
Armour         | 4 |  4.6
Dodging        | |  0.4
Stealth        | |  0.1

Action                     |  1- 3 |  4- 6 || total
---------------------------+-------+-------++-------
  Melee: Long sword        |   136 |    50 ||   186
         Headbutt          |    13 |     3 ||    16
    Use: Potion            |     1 |     6 ||     7
         Scroll            |     1 |     4 ||     5
 Armour: Chain mail        |    90 |    40 ||   130
  Dodge: Dodged            |    60 |    26 ||    86
  Block: Buckler           |    57 |    22 ||    79
